 Dungeon Crawl Stone Soup version 0.27-a0-909-g0721f309d1 (webtiles) character file.

Game seed: 3854669229407862809

1821 Froggeryz the Frost Mage (level 8, -4/54 HPs)
             Began as a Vampire Ice Elementalist on Apr 8, 2021.
             Was an Initiate of Vehumet.
             Slain by Joseph
             ... wielding a +2 quarterstaff of speed
              (14 damage)
             ... on level 7 of the Dungeon.
             The game lasted 00:10:43 (6260 turns).

Froggeryz the Frost Mage (Vampire Ice Elementalist) Turns: 6260, Time: 00:10:44

Health: -4/54      AC: 14    Str:  7    XL:     8   Next: 85%
Magic:  11/17      EV: 12    Int: 20    God:    Vehumet [......]
Gold:   289        SH:  0    Dex: 14    Spells: 12/19 levels left

rFire    . . .     SeeInvis +   v - +2 short sword (protect)
rCold    . . .     Faith    .   (no shield)
rNeg     . . .     Spirit   .   q - +2 robe "Xubie" {Slay+2}
rPois    .         Reflect  .   (no helmet)
rElec    .         Harm     .   b - +0 cloak
rCorr    .         Rampage  .   r - +0 pair of gloves
Will     .....                  (no boots)
Stlth    ++........             o - amulet of regeneration
HPRegen  1.38/turn              (no ring)
MPRegen  0.15/turn              (no ring)

@: ice-armoured, freezing walls, regenerating quickly
A: alive, fangs 3, see invisible, unbreathing 1, vampiric 2
a: Exsanguinate, Renounce Religion


You were on level 7 of the Dungeon.
You worshipped Vehumet.
Vehumet was noncommittal.
You visited 2 branches of the dungeon, and saw 8 of its levels.

You collected 289 gold pieces.

Inventory:

Hand Weapons
 v - a +2 short sword of protection (weapon)
Missiles
 a - 3 curare-tipped darts
 i - 48 poisoned darts (quivered)
 n - 3 throwing nets
 t - 4 atropa-tipped darts
Armour
 b - a +0 cloak (worn)
 d - a +0 kite shield
 q - the +2 robe "Xubie" (worn) {Slay+2}
   (You found it on level 5 of the Dungeon)

   It affects your accuracy and damage with ranged weapons and melee attacks
   (+2).
 r - a +0 pair of gloves (worn)
Jewellery
 o - an amulet of regeneration (around neck)
Wands
 e - a wand of flame (17)
 s - a wand of paralysis (10)
Scrolls
 c - 3 scrolls of noise
 f - a scroll of enchant armour
 j - 3 scrolls of teleportation
 l - a scroll of torment
 m - 4 scrolls of amnesia
 p - a scroll of enchant weapon
Potions
 g - 3 potions of lignification
 h - a potion of flight
 k - a potion of mutation {unknown}
 u - a potion of heal wounds {unknown}
 w - a potion of curing


   Skills:
 + Level 1.3 Fighting
 - Level 2.1 Dodging
 - Level 3.0 Stealth
 - Level 6.2 Spellcasting
 + Level 10.1 Ice Magic


You had 12 spell levels left.
You knew the following spells:

 Your Spells              Type           Power      Damage    Failure   Level
a - Freeze                Ice            100%       1d11      1%          1
b - Frozen Ramparts       Ice            92%        1d11      1%          3
c - Ozocubu's Armour      Ice            46%        N/A       1%          3

Your spell library contained the following spells:

 Spells                   Type           Power      Damage    Failure   Level
 Hailstorm                Conj/Ice       26%        3d7       13%         4
 Summon Ice Beast         Ice/Summ       26%        N/A       13%         4


Dungeon Overview and Level Annotations

Branches:
Dungeon (7/15)             Temple (1/1) D:6

Altars:
Ashenzari
Cheibriados
Dithmenos
Elyvilon
Fedhas
Kikubaaqudgha
Okawaru
Qazlal
Uskayaw
Vehumet
Wu Jian
Xom
Yredelemnul
Zin
The Shining One

Annotations:
D:7 Joseph


Innate Abilities, Weirdness & Mutations

Your natural rate of healing is unusually fast.
You have razor-sharp teeth.
You have supernaturally acute eyesight. (SInv)
You can survive without breathing.
You are afflicted with vampirism and can become a bat while bloodless.


Message History

The centaur zombie closely misses you.
The centaur zombie kicks you but does no damage.
You hit the centaur zombie.
The centaur zombie is almost destroyed.
The centaur zombie hits you but does no damage.
The centaur zombie kicks you.
You hit the centaur zombie.
You destroy the centaur zombie!
Vehumet accepts your kill.
No target in view!
No target in view!
Your icy armour cracks and falls away as you move.
Joseph shouts!
Joseph unwields a +2 quarterstaff of speed.
Joseph wields a +0 vorpal hunting sling.
Joseph shoots a sling bullet.
The sling bullet barely misses you.
You start resting.
Magic restored.
You start waiting.
Joseph is nearby!
You start waiting.
Joseph is nearby!
Joseph unwields a +0 vorpal hunting sling.
Joseph wields a +2 quarterstaff of speed.
Joseph hits you with a +2 quarterstaff of speed!
Casting: Ozocubu's Armour (safe; 1% risk of failure)
Confirm with . or Enter, or press ? or * to list all spells.
Casting: Frozen Ramparts (safe; 1% risk of failure)
Press: ? - help, Dir - look around, f - activate The walls around you are covered in ice.
The wall freezes Joseph.
Joseph hits you with a +2 quarterstaff of speed!
Unknown command.
Casting: Frozen Ramparts (safe; 1% risk of failure)
Confirm with . or Enter, or press ? or * to list all spells.
A film of ice covers your body!
The wall freezes Joseph!
Joseph hits you with a +2 quarterstaff of speed!
* * * LOW HITPOINT WARNING * * *
The wall freezes Joseph.
Joseph hits you with a +2 quarterstaff of speed!
You die...

#......##..#####...#
#.........# #>...#..
#.........###....##.
###.#.###........##.
##.#.# #.###....#..
#....# #......###..
###..### ######.###..
#....# #...... #<##@#
#####.. ... #@# #....
..##..$.......#......##.
..#
#..........@..#######. .
#............. ##
#.............
...............
.#.............
#.............


You could see Joseph.

Vanquished Creatures
  Duvessa (D:6)
  2 ice beasts
  2 ogres (D:4)
  A centaur (D:6)
  A phantom (D:7)
  2 kobold brigands (D:6)
  Blork the orc (D:4)
  Dowan (D:6)
  A wyvern zombie (D:5)
  A water moccasin skeleton (D:6)
  5 wights
  2 bullfrog zombies (D:6)
  A centaur zombie (D:7)
  3 orc priests
  A centaur skeleton (D:7)
  A gnoll shaman (D:6)
  A hound (D:6)
  A bullfrog skeleton (D:7)
  2 iguanas
  3 orc wizards
  A hound zombie (D:5)
  3 gnolls (D:6)
  6 adders
  A shadow imp (D:6)
  A white imp (D:6)
  An adder skeleton (D:4)
  A worm (D:3)
  4 dart slugs
  13 orcs
  8 ball pythons
  6 endoplasms
  4 giant cockroaches
  6 goblins
  3 hobgoblins
  6 jackals
  5 bats
  4 frilled lizards
  12 kobolds
  7 rats
125 creatures vanquished.

Vanquished Creatures (others)
  6 plants (D:6)
6 creatures vanquished.

Grand Total: 131 creatures vanquished

Notes
Turn   | Place    | Note
-------+----------+-------------------------------------------
     0 | D:1      | Froggeryz the Vampire Ice Elementalist began the quest for
                  | the Orb.
     0 | D:1      | Reached XP level 1. HP: 13/13 MP: 3/3
   238 | D:1      | Reached XP level 2. HP: 19/19 MP: 3/5
   959 | D:2      | Gained mutation: You are afflicted with vampirism and can
                  | become a bat while bloodless. [Vampire growth]
   959 | D:2      | Reached XP level 3. HP: 24/24 MP: 1/6
  1206 | D:2      | Reached skill level 5 in Ice Magic
  1685 | D:3      | Found a stormy altar of Qazlal.
  1834 | D:3      | Reached XP level 4. HP: 18/30 MP: 6/8
  2012 | D:3      | Found a faded altar of an unknown god.
  2524 | D:4      | Noticed an ogre
  2557 | D:3      | Learned a level 3 spell: Frozen Ramparts
  2628 | D:4      | Killed an ogre
  2629 | D:4      | Reached skill level 6 in Ice Magic
  2629 | D:4      | Reached XP level 5. HP: 32/35 MP: 3/10
  2805 | D:4      | Noticed Blork the orc
  2811 | D:4      | Killed Blork the orc
  2926 | D:4      | Noticed an ogre
  2934 | D:4      | Killed an ogre
  2935 | D:4      | Reached XP level 6. HP: 41/41 MP: 3/11
  3000 | D:4      | Learned a level 3 spell: Ozocubu's Armour
  3319 | D:5      | Entered Level 5 of the Dungeon
  3505 | D:5      | Reached skill level 7 in Ice Magic
  3631 | D:5      | Found a shadowy altar of Dithmenos.
  3748 | D:5      | Reached XP level 7. HP: 39/46 MP: 9/13
  4085 | D:5      | Identified the +2 robe "Xubie" {Slay+2}
  4417 | D:6      | HP: 1/46 [ice beast (9)]
  4693 | D:6      | Reached skill level 8 in Ice Magic
  4913 | D:6      | Reached skill level 5 in Spellcasting
  5159 | D:6      | Noticed Dowan
  5161 | D:6      | Noticed Duvessa
  5173 | D:6      | Killed Duvessa
  5174 | D:6      | Reached XP level 8. HP: 48/52 MP: 8/15
  5174 | D:6      | Killed Dowan
  5247 | D:6      | Reached skill level 9 in Ice Magic
  5361 | D:6      | Found a staircase to the Ecumenical Temple.
  5469 | Temple   | Entered the Ecumenical Temple
  5508 | Temple   | Became a worshipper of Vehumet
  5679 | D:6      | Found a hide-covered altar of Uskayaw.
  5683 | D:6      | Found a blossoming altar of Fedhas.
  5683 | D:6      | Found a snail-covered altar of Cheibriados.
  5685 | D:6      | Found a broken altar of Ashenzari.
  6083 | D:7      | Reached skill level 10 in Ice Magic
  6151 | D:7      | Noticed Joseph
  6179 | D:7      | Reached skill level 1 in Fighting
  6260 | D:7      | Slain by Joseph

Illustrated notes

Levels and vault maps discovered:
D:1:      psy_arrival_statuary, layout_rooms
D:2:      layout_loops_ring
D:3:      layout_basic, nicolae_qazlal_general_emergency,
          shapermc_ecumenical_altar_notcrosses
D:4:      layout_loops_ring, uniq_blork_the_orc
D:5:      layout_basic, kennysheep_little_box, nicolae_zen_rock_garden,
          grunt_ministairs_14, amethyst_killhole, nrook_mini_vaults,
          kennysheep_generic_room_13
D:6:      layout_loops_ring, minitemple, minmay_temple_entry_nine_rooms,
          lexackson_kobold_supper, uniq_duvessa
D:7:      layout_rooms, grunt_temple_overflow_opulence, lightli_church_of_beogh,
          uniq_harold, uniq_maggie, uniq_joseph
Temple:   cyrus_temple_forest

Skill      XL: |  1  2  3  4  5  6  7  8 |
---------------+-------------------------+-----
Ice Magic      | 5 6 7 8 10 | 10.1
Spellcasting   | 3 4 5 6 |  6.2
Fighting       | 1 |  1.3
Dodging        | |  2.1
Stealth        | |  3.0

Action                   |  1- 3 |  4- 6 |  7- 9 || total
-------------------------+-------+-------+-------++-------
Melee: Unarmed           |    47 |       |       ||    47
       Bite              |     5 |     4 |    19 ||    28
       Rapier            |    11 |    71 |   103 ||   185
       Short sword       |       |       |    94 ||    94
Throw: Dart              |       |     2 |       ||     2
 Cast: Freeze            |    45 |    16 |     5 ||    66
       Frozen Ramparts   |       |     8 |    18 ||    26
       Ozocubu's Armour  |       |     1 |    11 ||    12
Evoke: Wand              |       |       |     8 ||     8
  Use: Scroll            |       |     5 |     6 ||    11
       Potion            |       |     1 |     4 ||     5
 Stab: Sleeping          |    14 |     6 |     2 ||    22
       Paralysed         |       |       |     3 ||     3
Armor: Robe              |    17 |     9 |   106 ||   132
       Skin              |       |    10 |       ||    10
Dodge: Dodged            |    53 |    39 |   141 ||   233

Table legend: (Time is in decaauts)
 A = Elapsed time spent in this place.
 B = Non-inter-level travel time spent in this place.
 C = Inter-level travel time spent in this place.
 D = Time resting spent in this place.
 E = Time spent auto-exploring this place.
 F = Levels seen in this place.
 G = Mean time per level.
                   A        B        C        D        E       F      G
               +--------+--------+--------+--------+--------+-----+--------+
         Total |   6309 |   6050 |    259 |    447 |   4363 |   8 |  788.6 |
       Dungeon |   6239 |   6009 |    230 |    447 |   4329 |   7 |  891.3 |
        Temple |     69 |     40 |     29 |      0 |     34 |   1 |   69.0 |
               +--------+--------+--------+--------+--------+-----+--------+

Top non-repeatable levels by time:
     D:6: 1471 daAuts
     D:5: 1093 daAuts
     D:2: 1004 daAuts
     D:4: 908 daAuts
     D:3: 738 daAuts
     D:1: 678 daAuts
     D:7: 343 daAuts
  Temple: 69 daAuts
